 Dungeon Crawl Stone Soup version 0.20-b1 (webtiles) character file.

26400 turnburgler the Fighter (level 12, -10/117 HPs)
             Began as a Minotaur Fighter on May 19, 2017.
             Was a Priest of Trog.
             Shot with a bolt by a naga sharpshooter (17 damage)
             ... on level 2 of the Snake Pit.
             The game lasted 01:39:00 (14017 turns).

turnburgler the Fighter (Minotaur Fighter)         Turns: 14017, Time: 01:39:00

Health: -10/117    AC: 20    Str: 24    XL:     12   Next: 98%
Magic:  11/11      EV: 17    Int:  5    God:    Trog [***...]
Gold:   154        SH: 16    Dex: 12    Spells: 11/11 levels left

rFire    . . .     SeeInvis .   T - +3 war axe (elec)
rCold    . . .     Gourm    .   P - +0 shield
rNeg     + . .     Faith    +   O - +3 chain mail
rPois    .         Spirit   .   (helmet restricted)
rElec    +         Reflect  .   s - +0 cloak
rCorr    .         Harm     .   (no gloves)
MR       .....     Clarity  +   g - +2 pair of boots {Stlth+}
Stlth    ..........             e - amulet of faith
Regen    0.3/turn               (no ring)
MPRegen  0.2/turn               n - ring of the Scavenger {rElec rN+ EV+5}

@: slowed, very slow
A: retaliatory headbutt, horns 2, large bone plates 1, clarity, sense
surroundings 1
a: Berserk, Trog's Hand, Burn Spellbooks, Renounce Religion


You were on level 2 of the Snake Pit.
You worshipped Trog.
Trog was most pleased with you.
You were very full.

You visited 4 branches of the dungeon, and saw 13 of its levels.
You also visited: Sewer.

You collected 786 gold pieces.
You spent 632 gold pieces at shops.

Inventory:

Hand Weapons
 a - a +1 war axe
 c - a cursed -2 arbalest
 l - a +1 hunting sling of freezing
 t - a +0 halberd of freezing
 H - the +5 short sword of the Mushroom {drain, rC+++ Str-3 Int+9 SInv}
   (You found it on level 5 of the Dungeon)

   A truly terrible weapon, it drains the life of those it strikes.
   It affects your strength (-3).
   It affects your intelligence (+9).
   It renders you almost immune to cold.
   It lets you see invisible.
 T - a +3 war axe of electrocution (weapon)
 W - a +0 hand axe
 X - a +0 longbow
Missiles
 k - 171 arrows
 w - 252 stones (quivered)
 B - 36 poisoned needles
Armour
 g - a +2 pair of boots of stealth (worn)
 s - a +0 cloak (worn)
 C - a +3 leather armour
 O - a +3 chain mail (worn)
 P - a +0 shield (worn)
 R - a +2 ring mail of cold resistance
Magical Staves
 h - an uncursed staff of power
Jewellery
 e - an amulet of faith (around neck)
 n - the ring of the Scavenger (right hand) {rElec rN+ EV+5}
   (You found it on level 4 of the Dungeon)

   [ring of evasion]

   It affects your evasion (+5).
   It insulates you from electricity.
   It protects you from negative energy.
 o - an uncursed amulet of rage {unknown}
Wands
 F - a wand of digging (11/24)
Scrolls
 d - 2 scrolls of recharging
 r - 5 scrolls of remove curse
 v - 2 scrolls of magic mapping {unknown}
 x - 3 scrolls of immolation
 y - 2 scrolls of amnesia {unknown}
 z - 3 scrolls of teleportation {unknown}
 D - 5 scrolls of fog {unknown}
 J - 3 scrolls of silence {unknown}
 L - 2 scrolls of enchant armour {unknown}
 M - a scroll of torment {unknown}
Potions
 b - 2 potions of might
 i - 2 potions of degeneration {unknown}
 j - a potion of lignification {unknown}
 m - a potion of haste
 q - 5 potions of curing
 A - 2 potions of heal wounds
 K - 3 potions of flight {unknown}
 S - a potion of brilliance
 V - a potion of cancellation {unknown}
Books
 E - a book of Flames

   Spells                             Type                      Level
   a - Flame Tongue                   Conjuration/Fire             1
   b - Throw Flame                    Conjuration/Fire             2
   c - Conjure Flame                  Conjuration/Fire             3
   d - Inner Flame                    Hexes/Fire                   3
   e - Sticky Flame                   Conjuration/Fire             4
   f - Fireball                       Conjuration/Fire             5
   Trog disapproves of the use of such an item.
 G - a book of Changes

   Spells                             Type                      Level
   a - Beastly Appendage              Transmutation                1
   b - Sticks to Snakes               Transmutation                2
   c - Spider Form                    Transmutation/Poison         3
   d - Ice Form                       Ice/Transmutation            4
   e - Blade Hands                    Transmutation                5
   Trog disapproves of the use of such an item.
 I - Sif Muna's Reference Book on Lightness
   (You found it on level 5 of the Dungeon)

   Spells                             Type                      Level
   a - Shock                          Conjuration/Air              1
   Trog disapproves of the use of such an item.
 Q - a book of Frost

   Spells                             Type                      Level
   a - Freeze                         Ice                          1
   b - Throw Frost                    Conjuration/Ice              2
   c - Ozocubu's Armour               Charms/Ice                   3
   d - Throw Icicle                   Conjuration/Ice              4
   e - Summon Ice Beast               Ice/Summoning                4
   Trog disapproves of the use of such an item.
 U - a book of Misfortune

   Spells                             Type                      Level
   a - Confusing Touch                Hexes                        1
   b - Confuse                        Hexes                        3
   c - Gell's Gravitas                Translocation                3
   d - Petrify                        Transmutation/Earth          4
   e - Metabolic Englaciation         Hexes/Ice                    5
   f - Yara's Violent Unravelling     Hexes/Transmutation          5
   Trog disapproves of the use of such an item.
Miscellaneous
 u - a phial of floods
Comestibles
 f - 10 bread rations
 p - 6 royal jellies
 N - 5 meat rations


   Skills:
 * Level 14.0 Fighting
 - Level 2.4 Short Blades
 * Level 12.0 Axes
 + Level 1.2 Bows
 * Level 12.4 Armour
 + Level 9.1 Dodging
 + Level 10.7 Shields


You had 11 spell levels left.
You didn't know any spells.

Dungeon Overview and Level Annotations

Branches:
Dungeon (8/15)             Temple (1/1) D:5            Lair (2/6) D:8
  Snake (2/4) Lair:2
  Swamp: Lair:2-4    Shoals: Lair:2-4

Altars:
Ashenzari
Cheibriados
Dithmenos
Elyvilon
Gozag
Hepliaklqana
Kikubaaqudgha
Makhleb
Nemelex Xobeh
Okawaru
Qazlal
Ru
Sif Muna
Trog
Uskayaw
Xom
Yredelemnul
Zin
The Shining One

Shops:
D:4 %   D:7 *   Snake:1 [!}}


Innate Abilities, Weirdness & Mutations

You reflexively headbutt those who attack you in melee.
You have a pair of horns on your head.
You are partially covered in large bone plates. (SH +4)
You possess an exceptional clarity of mind.
You passively map a small area around you.


Message History

The naga sharpshooter spits poison at you.
The splash of poison misses you.
The naga sharpshooter shoots a bolt.
You block the bolt. You block the salamander's attack.
Things that are here:
2 arrows; 4 bolts You slash the salamander!
Lightning courses through the salamander!
The salamander is heavily wounded.
You hit the naga sharpshooter but do no damage.
The salamander hits you from afar with a glaive of flaming!!
* * * LOW HITPOINT WARNING * * *
You are engulfed in flames!
* * * LOW HITPOINT WARNING * * *
The salamander burns you!
* * * LOW HITPOINT WARNING * * *
The naga sharpshooter mumbles some strange words.
The naga sharpshooter magically shoots a bolt.
The bolt hits you!
You die...

...###.#.....#.#
...#* .##.#..#.#
.). #......# ..
##.##..# ### **
, #.....# #<#
##.##.# ### ,,
#..### #S# * ,
##.#.# (.# * , ,
#.@)# .## , ,
###N# *#. ,*
,.......N# *..
,.N#...N.# .# ,
##..... * *
#..... * ,,
#...... , *
#.....(* ,
......##


You could see a naga sharpshooter and a salamander.

Vanquished Creatures
  3 naga warriors
  Fannar (Lair:2)
  A hydra (Lair:1)
  3 anacondas
  4 naga sharpshooters
  Urug (Lair:2)
  3 shock serpents
  3 mana vipers
  2 salamanders (Snake:2)
  A guardian serpent (Snake:2)
  The ghost of NormalPerson7 the Cudgeler, a novice OgIE of Trog (D:4)
  9 black mambas
  A naga mage (Snake:2)
  6 spiny frogs
  2 komodo dragons (Lair:2)
  2 hippogriffs
  7 blink frogs (Lair:2)
  11 yaks (Lair:1)
  Menkaure (D:6)
  Edmund (D:6)
  8 water moccasins
  5 nagas (Snake:1)
  Duvessa (D:5)
  A porcupine (Lair:1)
  An ice beast (D:8)
  A phantom (D:7)
  A necrophage (D:7)
  4 ogres
  10 wolves
  2 crocodiles (Lair:1)
  7 bullfrogs
  Dowan (D:5)
  A scorpion (D:4)
  3 howler monkeys
  A crimson imp (D:8)
  A centaur zombie (D:8)
  A bullfrog zombie (D:5)
  A hound (D:6)
  An orc priest (D:3)
  A jelly (D:7)
  4 iguanas
  4 orc wizards
  4 worker ants
  Terence (D:3)
  A hound skeleton (D:4)
  A worker ant zombie (D:5)
  17 adders
  10 gnolls
  4 shadow imps
  6 oozes
  An adder skeleton (D:4)
  An adder zombie (D:8)
  8 worms
  A dart slug (D:4)
  14 leopard geckos
  14 orcs
  8 bats
  19 giant cockroaches
  14 goblins
  6 hobgoblins
  12 jackals
  7 kobolds
  6 quokkas
  5 ball pythons
  10 frilled lizards
  A quokka skeleton (D:4)
  11 rats
  A fungus (Lair:2)
  A plant (Lair:2)
307 creatures vanquished.

Vanquished Creatures (others)
  An adder (D:5)
  4 fungi (Lair:2)
  4 plants (Lair:2)
9 creatures vanquished.

Grand Total: 316 creatures vanquished

Notes
Turn   | Place    | Note
-------+----------+-------------------------------------------
     0 | D:1      | turnburgler the Minotaur Fighter began the quest for the Orb.
     0 | D:1      | Reached XP level 1. HP: 19/19 MP: 0/0
     3 | D:1      | Found a runed door.
    19 | D:1      | Reached XP level 2. HP: 27/27 MP: 1/1
    39 | D:1      | Reached XP level 3. HP: 31/33 MP: 2/2
    46 | D:1      | Reached skill level 4 in Fighting
   784 | D:1      | Reached XP level 4. HP: 37/40 MP: 3/3
  1032 | D:2      | Found a snail-covered altar of Cheibriados.
  1116 | D:2      | Found a hazy altar of Hepliaklqana.
  1967 | D:3      | Noticed Terence
  1981 | D:3      | Reached skill level 1 in Dodging
  1981 | D:3      | Reached XP level 5. HP: 15/47 MP: 4/4
  1990 | D:3      | Killed Terence
  1991 | D:3      | Gained mutation: You are partially covered in large bone plates. (SH +4) [potion of mutation]
  1991 | D:3      | Gained mutation: You are robust. (+10% HP) [potion of mutation]
  1991 | D:3      | Gained mutation: You are agile. (Dex +2) [potion of mutation]
  2277 | D:3      | Found a shadowy altar of Dithmenos.
  2391 | D:3      | Reached skill level 5 in Armour
  2460 | D:3      | Reached skill level 5 in Fighting
  2567 | D:3      | Found a basalt altar of Yredelemnul.
  2772 | D:3      | Reached XP level 6. HP: 60/61 MP: 5/5
  3207 | D:4      | Reached skill level 5 in Shields
  3216 | D:4      | Found a glowing golden altar of the Shining One.
  3451 | D:4      | Found Gass's Food Shop.
  3539 | D:4      | Found a white marble altar of Elyvilon.
  3631 | D:4      | Found a stormy altar of Qazlal.
  3762 | D:4      | Noticed NormalPerson7's ghost (novice OgIE)
  4214 | D:4      | Reached XP level 7. HP: 43/67 MP: 6/6
  4495 | D:4      | Killed NormalPerson7's ghost
  4495 | D:4      | Reached skill level 6 in Fighting
  4495 | D:4      | Reached skill level 5 in Axes
  4530 | D:4      | Got a translucent amber ring
  4542 | D:4      | Identified the ring of the Scavenger {rElec rN+ EV+5} (You found it on level 4 of the Dungeon)
  4612 | D:5      | Entered Level 5 of the Dungeon
  4729 | D:5      | Reached XP level 8. HP: 74/78 MP: 7/7
  4980 | D:5      | Noticed Dowan
  5003 | D:5      | Killed Dowan
  5003 | D:5      | Reached skill level 7 in Fighting
  5027 | D:5      | Found a glowing drain.
  5036 | Sewer    | Entered a sewer
  5752 | D:5      | Got a jewelled short sword
  5860 | D:5      | Identified the +5 short sword of the Mushroom {drain, rC+++ Str-3 Int+9 SInv} (You found it on level 5 of the Dungeon)
  5907 | D:5      | Found a deep blue altar of Sif Muna.
  6316 | D:5      | Reached skill level 1 in Short Blades
  6367 | D:5      | Found a staircase to the Ecumenical Temple.
  6434 | Temple   | Entered the Ecumenical Temple
  6449 | Temple   | Became a worshipper of Trog the Wrathful
  6849 | D:5      | Noticed Duvessa
  6867 | D:5      | Killed Duvessa
  6978 | D:5      | Identified Sif Muna's Reference Book on Lightness
  7029 | D:6      | Noticed Menkaure
  7044 | D:6      | Killed Menkaure
  7158 | D:6      | Reached skill level 8 in Fighting
  7158 | D:6      | Reached XP level 9. HP: 68/89 MP: 8/8
  7303 | D:6      | Noticed Edmund
  7315 | D:6      | Killed Edmund
  7531 | D:6      | Found an opulent altar of Gozag.
  7638 | D:7      | Reached * piety under Trog
  7745 | D:7      | Found Xoxorph's General Store.
  7754 | D:7      | Bought a meat ration for 65 gold pieces
  7754 | D:7      | Bought a scroll of identify for 26 gold pieces
  7754 | D:7      | Bought a +1 helmet of see invisible for 214 gold pieces
  7754 | D:7      | Bought a potion of heal wounds for 65 gold pieces
  7754 | D:7      | Bought a potion of brilliance for 52 gold pieces
  7887 | D:7      | Reached skill level 5 in Dodging
  7921 | D:7      | Found an ancient bone altar of Kikubaaqudgha.
  8004 | D:7      | Reached skill level 9 in Fighting
  8343 | D:8      | Found a burning altar of Makhleb.
  8374 | D:8      | Found a staircase to the Lair.
  8390 | Lair:1   | Entered Level 1 of the Lair of Beasts
  8509 | Lair:1   | Noticed a spiny frog
  8517 | Lair:1   | Killed a spiny frog
  8517 | Lair:1   | Reached XP level 10. HP: 92/102 MP: 9/9
  8807 | Lair:1   | Reached skill level 10 in Fighting
  8865 | Lair:1   | Reached ** piety under Trog
  9189 | Lair:1   | Noticed a spiny frog
  9200 | Lair:1   | Killed a spiny frog
  9312 | Lair:1   | Reached skill level 11 in Fighting
  9521 | Lair:1   | Noticed a five-headed hydra
  9534 | Lair:1   | Killed a nine-headed hydra
 10173 | Lair:2   | Noticed Urug
 10201 | Lair:2   | Killed Urug
 10201 | Lair:2   | Reached XP level 11. HP: 112/112 MP: 10/10
 10307 | Lair:2   | Noticed Fannar
 10343 | Lair:2   | Killed Fannar
 10381 | Lair:2   | Reached skill level 12 in Fighting
 10676 | Lair:2   | Reached skill level 10 in Armour
 10702 | Lair:2   | Found a staircase to the Snake Pit.
 10912 | Lair:2   | Lost mutation: You are agile. (Dex +2) [potion of mutation]
 10912 | Lair:2   | Gained mutation: Your spells are a little harder to cast, but a little more powerful. [potion of mutation]
 10912 | Lair:2   | Gained mutation: You are very robust. (+20% HP) [potion of mutation]
 10913 | Lair:2   | Lost mutation: Your spells are a little harder to cast, but a little more powerful. [potion of mutation]
 10913 | Lair:2   | Lost mutation: You are very robust. (+20% HP) [potion of mutation]
 10913 | Lair:2   | Gained mutation: You evolve. [potion of mutation]
 10913 | Lair:2   | Gained mutation: You passively map a small area around you. [potion of mutation]
 10913 | Lair:2   | Gained mutation: You possess an exceptional clarity of mind. [potion of mutation]
 10982 | Lair:2   | Reached *** piety under Trog
 11421 | Lair:2   | Reached skill level 10 in Axes
 11963 | Snake:1  | Entered Level 1 of the Snake Pit
 12026 | Snake:1  | Lost mutation: You are robust. (+10% HP) [evolution]
 12026 | Snake:1  | Lost mutation: You evolve. [end of evolution]
 12126 | Snake:1  | Found Poadeiqof's Antique Armour Boutique.
 12126 | Snake:1  | Found Cethofuj's Distillery.
 12132 | Snake:1  | Found Meokh's Gadget Boutique.
 12132 | Snake:1  | Found Miwel's Gadget Boutique.
 12152 | Snake:1  | Bought a pair of embroidered boots for 210 gold pieces
 12184 | Snake:1  | Noticed a mana viper
 12185 | Snake:1  | Noticed a mana viper
 12185 | Snake:1  | Noticed a naga sharpshooter
 12186 | Snake:1  | Noticed a naga sharpshooter
 12198 | Snake:1  | Killed a mana viper
 12203 | Snake:1  | Killed a mana viper
 12208 | Snake:1  | Reached skill level 10 in Shields
 12211 | Snake:1  | Killed a naga sharpshooter
 12211 | Snake:1  | Reached XP level 12. HP: 113/113 MP: 2/11
 12225 | Snake:1  | Reached skill level 13 in Fighting
 12293 | Snake:1  | Noticed a naga warrior
 12313 | Snake:1  | Killed a naga warrior
 12782 | Snake:1  | Noticed an anaconda
 12790 | Snake:1  | Killed an anaconda
 13563 | Snake:2  | Noticed an anaconda
 13597 | Snake:2  | Killed an anaconda
 13914 | Snake:2  | Noticed an anaconda
 13922 | Snake:2  | Killed an anaconda
 13926 | Snake:2  | Noticed a naga warrior
 13944 | Snake:2  | Killed a naga warrior
 13983 | Snake:2  | Noticed a naga warrior
 14003 | Snake:2  | Killed a naga warrior
 14003 | Snake:2  | Reached skill level 14 in Fighting
 14003 | Snake:2  | Reached skill level 1 in Bows
 14013 | Snake:2  | Noticed a naga warrior
 14017 | Snake:2  | Shot with a bolt by a naga sharpshooter

Skill      XL: |  1  2  3  4  5  6  7  8  9 10 11 12 |
---------------+-------------------------------------+-----
Axes           | 3 4 5 6 7 9 10 12 | 12.0
Shields        | 4 5 6 7 9 10 | 10.7
Fighting       | 4 5 6 8 9 11 12 14 | 14.0
Armour         | 4 5 6 7 8 9 11 12 | 12.4
Dodging        | 1 2 3 4 5 7 8 9 |  9.1
Short Blades   | 2 |  2.4
Bows           | 1 |  1.2

Action                   |  1- 3 |  4- 6 |  7- 9 | 10-12 || total
-------------------------+-------+-------+-------+-------++-------
Melee: War axe           |    96 |    79 |   103 |   416 ||   694
       Headbutt          |    15 |    48 |    76 |   105 ||   244
       Hand axe          |       |   188 |   166 |       ||   354
       Short sword       |       |       |    27 |    32 ||    59
Invok: Berserk           |       |       |     1 |     7 ||     8
       Trog's Hand       |       |       |       |     4 ||     4
  Use: Potion            |       |     4 |     1 |     5 ||    10
       Scroll            |       |     6 |     3 |     2 ||    11
  Eat: Meat ration       |       |     2 |     2 |     5 ||     9
       Chunk             |       |     2 |     1 |     1 ||     4
       Fruit             |       |     1 |     1 |     3 ||     5
       Bread ration      |       |       |     1 |       ||     1
Armor: Scale mail        |    19 |       |       |       ||    19
       Chain mail        |    33 |    60 |    22 |    88 ||   203
       Plate armour      |       |    28 |    48 |       ||    76
Dodge: Dodged            |    26 |    46 |    90 |   182 ||   344
Block: Shield            |    61 |   159 |   207 |   364 ||   791
